 Dungeon Crawl Stone Soup version 0.31-a0-851-g7ff8af7976 (webtiles) character file.

Game seed: 18293922328122527698

2859 croobank the Grappler (level 9, -5/51 (63) HPs)
             Began as a Gnoll Shapeshifter on Oct 6, 2023.
             Was a Follower of Hepliaklqana.
             Slain by a wight
             ... wielding a +2 flail
              (6 damage)
             ... on level 6 of the Dungeon.
             The game lasted 00:15:29 (4960 turns).

croobank the Grappler (Gnoll Shapeshifter)          Turns: 4960, Time: 00:15:29

HP:   -5/51 (63)    AC:  4    Str: 14    XL:     9   Next: 75%
MP:   11/18         EV: 14    Int: 13    God:    Hepliaklqana [*.....]
Gold: 226           SH:  0    Dex: 12    Spells: 6/20 levels left

rFire   . .          .
                       - Unarmed
rCold   . . .        (no shield)
rNeg    . . .        j - +1 leather armour
rPois   .            (helmet currently unavailable)
rElec   .            (cloak currently unavailable)
rCorr   .            (gloves currently unavailable)
SInv    .            (boots currently unavailable)
Will    .....        (no amulet)
Stlth   +++          (no ring)
HPRegen 0.28/turn    (no ring)
MPRegen 0.16/turn

%: no passive effects
@: mighty, sluggish, beast-form, heavily drained, very slow
A: beast (slay +4), reduced essence, fangs 1, strong nose, distributed training
a: Begin Untransformation, Renounce Religion, Recall Ancestor, Ancestor Identity


You were on level 6 of the Dungeon.
You worshipped Hepliaklqana.
Hepliaklqana was aware of your devotion.
You were a hulking beast.
You visited 2 branches of the dungeon, and saw 7 of its levels.

You collected 264 gold pieces.
You spent 38 gold pieces at shops.

Inventory:

Hand Weapons
 a - a +2 dagger of holy wrath
 p - a +1 heavy falchion
 v - a +1 short sword of venom
 C - a +2 whip of freezing
 E - a +1 dagger of speed
 F - a +1 short sword of holy wrath
Armour
 j - a +1 leather armour (worn)
 s - a +0 ring mail
Jewellery
 h - a +4 ring of protection
 i - an amulet of the acrobat
Talismans
 c - a beast talisman (active)
 d - a flux talisman
 l - a serpent talisman
Wands
 g - a wand of roots (11)
 r - a wand of flame (11)
 w - a wand of charming (2)
 x - a wand of acid (21)
 D - a wand of polymorph (3)
Scrolls
 n - 2 scrolls of fear
 t - a scroll of vulnerability
 y - a scroll of enchant armour
 z - a scroll of revelation
 B - a scroll of immolation
Potions
 b - 2 potions of lignification
 f - a potion of enlightenment
 k - a potion of brilliance
 o - 4 potions of curing
 q - a potion of haste {unknown}
 u - a potion of invisibility {unknown}
 A - 2 potions of ambrosia {unknown}


   Skills:
 + Level 6.9 Fighting
 + Level 6.3 Short Blades
 + Level 6.3 Long Blades
 + Level 6.3 Axes
 + Level 6.3 Maces & Flails
 + Level 6.3 Polearms
 + Level 6.3 Staves
 + Level 6.3 Ranged Weapons
 + Level 6.3 Throwing
 + Level 6.3 Armour
 + Level 7.9 Dodging
 + Level 6.3 Stealth
 + Level 6.3 Shields
 + Level 9.2 Unarmed Combat
 + Level 6.3 Spellcasting
 + Level 5.2 Conjurations
 + Level 5.2 Hexes
 + Level 5.2 Summonings
 + Level 5.2 Necromancy
 + Level 5.2 Translocations
 + Level 5.2 Transmutations
 + Level 5.2 Fire Magic
 + Level 5.2 Ice Magic
 + Level 5.2 Air Magic
 + Level 5.2 Earth Magic
 + Level 5.2 Poison Magic
 + Level 6.9 Invocations
 + Level 6.3 Evocations
 + Level 8.8 Shapeshifting


You had 6 spell levels left.
You knew the following spells:

 Your Spells              Type           Power      Damage    Failure   Level
a - Iskenderun's Mystic   Conj/Tloc      17%        2d5       22%         4
b - Swiftness             Air            17%        N/A       7%          3
c - Airstrike             Air            8%         2d(2-18)  22%         4
d - Frozen Ramparts       Ice            34%        1d6       7%          3

Your spell library contained the following spells:

 Spells                   Type           Power      Damage    Failure   Level
 Freeze                   Ice            68%        1d8       2%          1
 Shock                    Conj/Air       68%        1d7       2%          1
 Hailstorm                Conj/Ice       17%        3d6       7%          3
 Volatile Blastmotes      Fire/Tloc      34%        2d12      7%          3
 Fulminant Prism          Conj/Hex       8%         3d7       22%         4


Dungeon Overview and Level Annotations

Branches:
Dungeon (6/15)             Temple (1/1) D:4

Altars:
Ashenzari
Cheibriados
Dithmenos
Elyvilon
Fedhas
Hepliaklqana
Kikubaaqudgha
Makhleb
Nemelex Xobeh
Okawaru
Qazlal
Ru
Sif Muna
Trog
Uskayaw
Vehumet
Wu Jian
Xom
Yredelemnul
Zin
The Shining One

Shops:
D:1 (   D:2 *   D:3 !

Annotations:
D:3 1 runed translucent door, awesomeguy42's ghost, amateur HuNe


Innate Abilities, Weirdness & Mutations

You are a hulking beast.
Your limbs bulge with bestial killing power. (Slay +4)
Your life essence is reduced to manifest your ancestor. (-10% HP)
You have very sharp teeth.
Your uncanny sense of smell can sniff out nearby items.
Your experience applies equally to all skills.


Message History

You hit the wight.
The wight is moderately damaged.
The wall freezes the wight but does no damage.
The wight hits you with a +1 scimitar.
The wall freezes the wight but does no damage.
The wight misses you. The wight hits you with a +3 dagger.
* * * LOW HITPOINT WARNING * * *
You feel much better.
You feel sluggish.
The wight completely resists.
The wall freezes the wight but does no damage.
The wight closely misses you.
The wight completely resists.
The wall freezes the wight but does no damage.
The wight barely misses you. The wight hits you with a +3 dagger.
You feel very mighty all of a sudden.
The wall freezes the wight but does no damage.
The wight barely misses you.
The wall freezes the wight but does no damage.
The wight hits you with a +2 flail!
You feel drained. The wight hits you with a +3 dagger.
You feel much better.
The wight completely resists.
The wall freezes the wight but does no damage.
The wight misses you.
The wall freezes the wight but does no damage.
The wight hits you with a +2 flail!
You feel drained. The wight hits you with a +3 dagger.
You feel drained.
You hit the wight.
The wight is heavily damaged.
The frozen ramparts melt away.
The wight hits you with a +1 scimitar. The wight barely misses you. x2
You hit the wight.
The wight is severely damaged.
You barely miss the wight. You bite the wight.
The wight is almost destroyed.
The wight hits you with a +1 scimitar!
* * * LOW HITPOINT WARNING * * *
You feel drained.
* * * LOW HITPOINT WARNING * * *
The wight hits you with a +2 flail.
You die...

.####.........###.#...#.##...#.##
.....###......+.....#.#..........
####.#...(....###...#.####.......
...#.#.#.#+##.###..........#.....
...#.....# #..........##..###.#.
...###.#.# #.###..#...##..# #.#.
...###.# # #.#........##... ..#.
.......###..#.............. .....
..#.............hz[...... ....#.
..#.##.#..#....)zz.#..##. ... #.
..........#.#.#.#.......
.##.##.#..#.............#
.##.#..#.........!......#
.......# .#..........#..#
.##.#..# #.##.......# . .......#
#. #.. ....# ..### ..


You could see 3 wights.

Vanquished Creatures
  Prince Ribbit (D:5)
  3 ice beasts
  2 black bears
  2 phantoms (D:5)
  Blork the orc (D:6)
  A scorpion (D:6)
  2 wights (D:6)
  A killer bee (D:6)
  3 orc priests
  2 hounds
  A jelly (D:6)
  Ijyb (D:5)
  3 iguanas
  5 orc wizards
  A sleepcap (D:5)
  4 gnolls (D:4)
  11 adders
  A shadow imp (D:6)
  2 ufetubi (D:6)
  2 worms (D:2)
  4 dart slugs
  18 orcs
  7 bats
  10 endoplasms
  2 giant cockroaches
  9 goblins
  7 hobgoblins
  5 quokkas
  10 ball pythons
  2 frilled lizards
  7 kobolds
  2 rats (D:1)
132 creatures vanquished.

Vanquished Creatures (collateral kills)
  An ogre (D:6)
  A hound (D:5)
  An iguana (D:6)
3 creatures vanquished.

Vanquished Creatures (others)
  An ancestor (D:6)
1 creature vanquished.

Grand Total: 136 creatures vanquished

Notes
Turn   | Place    | Note
-------+----------+-------------------------------------------
     0 | D:1      | croobank the Gnoll Shapeshifter began the quest for the
                  | Orb.
     0 | D:1      | Reached XP level 1. HP: 17/17 MP: 1/1
   125 | D:1      | Reached XP level 2. HP: 21/23 MP: 2/2
   200 | D:1      | Found Otaos's Weapon Boutique.
   510 | D:1      | Reached XP level 3. HP: 28/28 MP: 3/3
   918 | D:2      | Reached skill level 1 in Invocations
   953 | D:2      | Reached skill level 1 in Short Blades
   953 | D:2      | Reached skill level 1 in Long Blades
   953 | D:2      | Reached skill level 1 in Axes
   953 | D:2      | Reached skill level 1 in Maces & Flails
   953 | D:2      | Reached skill level 1 in Polearms
   953 | D:2      | Reached skill level 1 in Staves
   953 | D:2      | Reached skill level 1 in Ranged Weapons
   953 | D:2      | Reached skill level 1 in Throwing
   953 | D:2      | Reached skill level 1 in Armour
   953 | D:2      | Reached skill level 1 in Stealth
   953 | D:2      | Reached skill level 1 in Shields
   953 | D:2      | Reached skill level 1 in Spellcasting
   953 | D:2      | Reached skill level 1 in Evocations
  1018 | D:2      | Reached XP level 4. HP: 32/34 MP: 5/5
  1117 | D:2      | Found Cocriys's Assorted Antiques.
  1145 | D:2      | Bought a fizzy emerald potion for 25 gold pieces
  1201 | D:2      | Found a bloodstained altar of Trog.
  1483 | D:2      | Reached skill level 1 in Conjurations
  1483 | D:2      | Reached skill level 1 in Hexes
  1483 | D:2      | Reached skill level 1 in Summonings
  1483 | D:2      | Reached skill level 1 in Necromancy
  1483 | D:2      | Reached skill level 1 in Translocations
  1483 | D:2      | Reached skill level 1 in Transmutations
  1483 | D:2      | Reached skill level 1 in Fire Magic
  1483 | D:2      | Reached skill level 1 in Ice Magic
  1483 | D:2      | Reached skill level 1 in Air Magic
  1483 | D:2      | Reached skill level 1 in Earth Magic
  1483 | D:2      | Reached skill level 1 in Poison Magic
  1654 | D:2      | Reached XP level 5. HP: 40/40 MP: 5/7
  1954 | D:3      | Found Pashae Celul's Distillery.
  1963 | D:3      | Bought a potion of degeneration for 13 gold pieces
  2030 | D:3      | Reached XP level 6. HP: 47/47 MP: 8/8
  2451 | D:3      | Found a runed translucent door.
  2451 | D:3      | Noticed awesomeguy42's ghost (amateur HuNe)
  2550 | D:4      | Found a staircase to the Ecumenical Temple.
  2573 | Temple   | Entered the Ecumenical Temple
  2592 | Temple   | Became a worshipper of Hepliaklqana the Forgotten
  2727 | D:4      | Reached skill level 5 in Dodging
  2846 | D:4      | Found a glowing silver altar of Zin.
  2921 | D:4      | Reached skill level 5 in Fighting
  2921 | D:4      | Reached skill level 5 in Short Blades
  2921 | D:4      | Reached skill level 5 in Long Blades
  2921 | D:4      | Reached skill level 5 in Axes
  2921 | D:4      | Reached skill level 5 in Maces & Flails
  2921 | D:4      | Reached skill level 5 in Polearms
  2921 | D:4      | Reached skill level 5 in Staves
  2921 | D:4      | Reached skill level 5 in Ranged Weapons
  2921 | D:4      | Reached skill level 5 in Throwing
  2921 | D:4      | Reached skill level 5 in Armour
  2921 | D:4      | Reached skill level 5 in Stealth
  2921 | D:4      | Reached skill level 5 in Shields
  2921 | D:4      | Reached skill level 8 in Unarmed Combat
  2921 | D:4      | Reached skill level 5 in Spellcasting
  2921 | D:4      | Reached skill level 5 in Invocations
  2921 | D:4      | Reached skill level 5 in Evocations
  2921 | D:4      | Reached XP level 7. HP: 57/57 MP: 9/14
  2922 | D:4      | Reached skill level 9 in Unarmed Combat
  2922 | D:4      | Reached skill level 5 in Conjurations
  2922 | D:4      | Reached skill level 5 in Hexes
  2922 | D:4      | Reached skill level 5 in Summonings
  2922 | D:4      | Reached skill level 5 in Necromancy
  2922 | D:4      | Reached skill level 5 in Translocations
  2922 | D:4      | Reached skill level 5 in Transmutations
  2922 | D:4      | Reached skill level 5 in Fire Magic
  2922 | D:4      | Reached skill level 5 in Ice Magic
  2922 | D:4      | Reached skill level 5 in Air Magic
  2922 | D:4      | Reached skill level 5 in Earth Magic
  2922 | D:4      | Reached skill level 5 in Poison Magic
  2922 | D:4      | Reached XP level 8. HP: 65/65 MP: 9/17
  3025 | D:4      | Learned a level 4 spell: Iskenderun's Mystic Blast
  3444 | D:5      | Entered Level 5 of the Dungeon
  3445 | D:5      | Reached * piety under Hepliaklqana
  3574 | D:5      | Noticed Ijyb
  3588 | D:5      | Killed Ijyb
  3604 | D:5      | Reached XP level 9. HP: 63/63 MP: 18/18
  3742 | D:5      | Learned a level 3 spell: Swiftness
  3747 | D:5      | Learned a level 4 spell: Airstrike
  3751 | D:5      | Learned a level 3 spell: Frozen Ramparts
  3814 | D:5      | Noticed Prince Ribbit
  3828 | D:5      | Killed Prince Ribbit
  4788 | D:6      | Noticed Blork the orc
  4796 | D:6      | Killed Blork the orc
  4960 | D:6      | HP: 1/51 [wight/+1 scimitar (4)]
  4960 | D:6      | Slain by a wight

Illustrated notes

Levels and vault maps discovered:
D:1:      eino_arrival_water_star, layout_basic, serial_shops,
          nicolae_shop_bloodbath_and_beyond, minmay_misc_feat_iff
D:2:      layout_basic, serial_shops, shop, basic_altar
D:3:      layout_loops_ring, gammafunk_ghost_grave, serial_shops,
          nicolae_shop_advertising_works [nicolae_subvault_shop_adworks]
D:4:      layout_gridville, nicolae_overflow_hidden_temple,
          minmay_temple_entry_purple_smoke, nicolae_grassy_gnolls
D:5:      layout_loops_ring, grunt_decor_resistance, minmay_misc_feat_cross,
          uniq_ijyb, uniq_prince_ribbit1
D:6:      layout_basic, amcnicky_mini_pool_medium, uniq_blork_the_orc,
          uniq_edmund
Temple:   nicolae_temple_slightly_damp_pantheon

Skill      XL: |  1  2  3  4  5  6  7 |
---------------+----------------------+-----
Invocations    | 1 2 5 6 |  6.9
Short Blades   | 1 5 6 |  6.3
Long Blades    | 1 5 6 |  6.3
Axes           | 1 5 6 |  6.3
Maces & Flails | 1 5 6 |  6.3
Polearms       | 1 5 6 |  6.3
Staves         | 1 5 6 |  6.3
Ranged Weapons | 1 5 6 |  6.3
Throwing       | 1 5 6 |  6.3
Armour         | 1 5 6 |  6.3
Stealth        | 1 5 6 |  6.3
Shields        | 1 5 6 |  6.3
Spellcasting   | 1 5 6 |  6.3
Evocations     | 1 5 6 |  6.3
Conjurations   | 1 4 5 |  5.2
Hexes          | 1 4 5 |  5.2
Summonings     | 1 4 5 |  5.2
Necromancy     | 1 4 5 |  5.2
Translocations | 1 4 5 |  5.2
Transmutations | 1 4 5 |  5.2
Fire Magic     | 1 4 5 |  5.2
Ice Magic      | 1 4 5 |  5.2
Air Magic      | 1 4 5 |  5.2
Earth Magic    | 1 4 5 |  5.2
Poison Magic   | 1 4 5 |  5.2
Fighting       | 3 5 6 |  6.9
Dodging        | 6 7 |  7.9
Unarmed Combat | 8 9 |  9.2
Shapeshifting  | 8 |  8.8

Action                     |  1- 3 |  4- 6 |  7- 9 || total
---------------------------+-------+-------+-------++-------
  Melee: Unarmed           |    75 |   121 |   117 ||   313
         Bite              |     3 |     6 |    12 ||    21
         Punch             |       |     4 |     6 ||    10
   Cast: Frozen Ramparts   |       |       |     9 ||     9
         Airstrike         |       |       |     5 ||     5
         Swiftness         |       |       |     2 ||     2
         Iskenderun's Myst |       |       |     1 ||     1
    Use: Scroll            |       |     8 |     5 ||    13
         Potion            |       |     1 |     4 ||     5
   Stab: Sleeping          |     3 |     4 |     4 ||    11
         Distracted        |       |       |     1 ||     1
 Armour: Animal skin       |    17 |       |       ||    17
         Leather armour    |    12 |    47 |    59 ||   118
  Dodge: Dodged            |    35 |    75 |    86 ||   196

Table legend: (Time is in decaauts)
 A = Elapsed time spent in this place.
 B = Non-inter-level travel time spent in this place.
 C = Inter-level travel time spent in this place.
 D = Time resting spent in this place.
 E = Time spent auto-exploring this place.
 F = Levels seen in this place.
 G = Mean time per level.
                   A        B        C        D        E       F      G
               +--------+--------+--------+--------+--------+-----+--------+
         Total |   4915 |   4671 |    244 |    340 |   3243 |   7 |  702.1 |
       Dungeon |   4876 |   4665 |    211 |    340 |   3243 |   6 |  812.7 |
        Temple |     38 |      5 |     33 |      0 |      0 |   1 |   38.0 |
               +--------+--------+--------+--------+--------+-----+--------+

Top non-repeatable levels by time:
     D:2: 954 daAuts
     D:5: 894 daAuts
     D:4: 865 daAuts
     D:1: 833 daAuts
     D:3: 732 daAuts
     D:6: 596 daAuts
  Temple: 38 daAuts
